 Dungeon Crawl Stone Soup version 0.29-a0-717-g6dac4ea423 (webtiles) character file.

Game seed: 7122615015305436569

2854 wingedge the Conjurer (level 10, -1/70 HPs)
             Began as a Human Fire Elementalist on June 26, 2022.
             Was an Initiate of Yredelemnul.
             Engulfed by a steam dragon's steam (11 damage)
             ... on level 7 of the Dungeon.
             The game lasted 00:58:55 (7173 turns).

wingedge the Conjurer (Human Fire Elementalist)     Turns: 7173, Time: 00:58:56

Health: -1/70      AC:  3    Str: 11    XL:     10   Next: 4%
Magic:  3/15       EV: 16    Int: 23    God:    Yredelemnul [......]
Gold:   379        SH:  5    Dex: 19    Spells: 2/16 levels left

rFire   . . .      SeeInvis .   v - +4 hand axe of Defence {vamp, rCorr Str+3 Dex+3}
rCold   . . .      Faith    +   o - +0 buckler
rNeg    . . .      Spirit   .   C - +0 robe of Alliny {rElec Int+3 Dex+2}
rPois   .          Reflect  .   (no helmet)
rElec   +          Harm     .   (no cloak)
rCorr   +          Rampage  .   u - +0 pair of gloves
Will    .....                   (no boots)
Stlth   ++........              F - amulet of faith
HPRegen 0.21/turn               s - +4 ring of evasion
MPRegen 0.14/turn               y - ring of wizardry

@: about to teleport
A: no striking features
a: Renounce Religion, Recall Undead Harvest


You were on level 7 of the Dungeon.
You worshipped Yredelemnul.
Yredelemnul was noncommittal.
You visited 1 branch of the dungeon, and saw 7 of its levels.

You collected 379 gold pieces.

Inventory:

Hand Weapons
 c - a +1 flail of protection
 d - a +3 flail
 v - the +4 hand axe of Defence (weapon) {vamp, rCorr Str+3 Dex+3}
   (You found it on level 7 of the Dungeon)

   It occasionally heals its wielder for a portion of the damage dealt when it
   wounds a living foe.
   Str:       It affects your strength (+3).
   Dex:       It affects your dexterity (+3).
   rCorr:     It protects you from acid and corrosion.
Missiles
 h - 2 throwing nets
 q - 17 poisoned darts
Armour
 o - a +0 buckler (worn)
 t - an orb of light
 u - a +0 pair of gloves (worn)
 C - the +0 robe of Alliny (worn) {rElec Int+3 Dex+2}
   (You found it on level 4 of the Dungeon)

   Int:       It affects your intelligence (+3).
   Dex:       It affects your dexterity (+2).
   rElec:     It insulates you from electricity.
Magical Staves
 a - a staff of fire
 b - a staff of death
Jewellery
 s - a +4 ring of evasion (left hand)
 w - a ring of positive energy
 y - a ring of wizardry (right hand)
 F - an amulet of faith (around neck)
Wands
 p - a wand of charming (32)
 x - a wand of flame (17)
Scrolls
 e - 3 scrolls of amnesia {unknown}
 i - 2 scrolls of teleportation
 k - a scroll of torment
 m - 2 scrolls of poison
 n - 5 scrolls of enchant weapon {unknown}
 B - a scroll of fog {unknown}
 D - 2 scrolls of fear {unknown}
 E - a scroll of vulnerability {unknown}
 G - a scroll of noise {unknown}
Potions
 f - a potion of flight {unknown}
 g - a potion of haste {unknown}
 j - 2 potions of mutation {unknown}
 l - 2 potions of degeneration {unknown}
 r - a potion of brilliance {unknown}
 z - 5 potions of curing {unknown}
 A - a potion of cancellation {unknown}


   Skills:
 + Level 3.3 Fighting
 * Level 0.9 Axes
 + Level 2.8 Staves
 - Level 2.0 Armour
 - Level 2.0 Dodging
 - Level 2.0 Stealth
 + Level 3.5 Shields
 * Level 3.8 Spellcasting
 * Level 6.4 Conjurations
 + Level 2.7 Hexes
 - Level 3.3 Necromancy
 * Level 6.0 Fire Magic
 + Level 3.5 Invocations
 + Level 2.8 Evocations


You had 2 spell levels left.
You knew the following spells:

 Your Spells              Type           Power      Damage    Failure   Level
a - Foxfire               Conj/Fire      100%       2x1d9     1%          1
b - Scorch                Fire           64%        2d8       1%          2
c - Conjure Flame         Conj/Fire      33%        6-21      1%          3
d - Vampiric Draining     Necr           19%        2d7       4%          3
e - Slow                  Hex            64%        N/A       1%          1
f - Flame Wave            Conj/Fire      33%        2d8       4%          4

Your spell library contained the following spells:

 Spells                   Type           Power      Damage    Failure   Level
 Inner Flame              Hex/Fire       24%        N/A       2%          3
 Confusing Touch          Hex            16%        N/A       6%          3


Dungeon Overview and Level Annotations

Branches:
Dungeon (7/15)             Temple (0/1) D:6

Altars:
Cheibriados
Hepliaklqana
Sif Muna
Yredelemnul

Shops:
D:4 :


Message History

Okay, then.
The steam dragon breathes steam at you. The ball of steam hits you!
* * * LOW HITPOINT WARNING * * *
The ball of steam hits Pikel!
Pikel is engulfed in a cloud of scalding steam.
Pikel is destroyed!
Okay, then.
Casting: Scorch (safe; 1% risk of failure)
Confirm with . or Enter, or press ? or * to list all spells.
Okay, then.
Okay, then.
Okay, then.
Okay, then.
Unknown command.
As you read the scroll of teleportation, it crumbles to dust.
You feel strangely unstable.
You are engulfed in a cloud of scalding steam.
* * * LOW HITPOINT WARNING * * *
Casting: Scorch (safe; 1% risk of failure)
Confirm with . or Enter, or press ? or * to list all spells.
Aiming: Vampiric Draining (dangerous; 4% risk of failure)
Press: ? - help, Shift-Dir - straight line, f - steam dragon
Aim: a steam dragon (moderately wounded, more vulnerable to fire)
You draw life force from the steam dragon.
You feel life coursing into your body.
You are engulfed in a cloud of scalding steam.
* * * LOW HITPOINT WARNING * * *
You block the steam dragon's attack. The steam dragon barely misses you.
Okay, then.
Casting: Vampiric Draining (dangerous; 4% risk of failure)
Confirm with . or Enter, or press ? or * to list all spells.
Aiming: Vampiric Draining (dangerous; 4% risk of failure)
Press: ? - help, Shift-Dir - straight line, f/p - steam dragon
Aim: a steam dragon (moderately wounded, more vulnerable to fire)
You draw life force from the steam dragon!
You feel life coursing into your body.
You are engulfed in a cloud of scalding steam.
You die...
Your body rises from the dead as a mindless zombie.

######....# #.#...#
#........#####.....#
#.####.###.≈§###...#
#.[#...≈≈# .#..
#.§§§§§.≈# .##
#..#...§§##
#.###§§§§≈# #.#
####.≈# #.# #.@≈#
#.# #..D≈# #.
#≈...## #≈..## #≈.#
#≈. ##≈ #≈


You could see a steam dragon (combustible).

Vanquished Creatures
  Pikel (D:7)
  A manticore (D:6)
  Grinder (D:5)
  A shadow (D:6)
  A vampire mosquito (D:6)
  Menkaure (D:4)
  A water moccasin (D:7)
  A sky beast (D:7)
  A black bear (D:6)
  A centaur (D:6)
  A lemure (D:7)
  A phantom (D:6)
  A kobold brigand (D:3)
  4 scorpions
  A necrophage (D:4)
  A howler monkey (D:5)
  3 hounds
  2 jellies
  3 iguanas
  3 gnolls
  4 adders
  A worm (D:2)
  3 dart slugs
  An orc (D:3)
  5 bats
  3 endoplasms (D:4)
  4 giant cockroaches
  5 goblins
  4 hobgoblins
  6 jackals
  9 kobolds
  2 quokkas (D:5)
  7 ball pythons
  2 frilled lizards
  4 rats
90 creatures vanquished.

Vanquished Creatures (collateral kills)
  A steam dragon (D:7)
  A gnoll shaman (D:6)
  5 gnolls
  An adder (D:5)
  A worm (D:5)
  A dart slug (D:2)
  2 ball pythons
  A bat (D:1)
  3 endoplasms
  A goblin (D:1)
  2 hobgoblins
  4 jackals (D:2)
  A quokka (D:5)
  2 frilled lizards
  A frilled lizard zombie (D:3)
  2 rats
29 creatures vanquished.

Vanquished Creatures (others)
  A water moccasin zombie (D:7)
  A centaur zombie (D:6)
  A sky beast zombie (D:7)
  A worm zombie (D:2)
  An iguana zombie (D:6)
  2 bat zombies
  3 gnoll zombies (D:6)
  A ball python zombie (D:1)
  A dart slug zombie (D:5)
  3 goblin zombies
  A hobgoblin zombie (D:4)
  2 kobold zombies
  An orc zombie (D:3)
  2 rat zombies
  230 foxfires
  2 fungi (D:1)
  A plant (D:1)
254 creatures vanquished.

Grand Total: 373 creatures vanquished

Notes
Turn   | Place    | Note
-------+----------+-------------------------------------------
     0 | D:1      | wingedge the Human Fire Elementalist began the quest for
                  | the Orb.
     0 | D:1      | Reached XP level 1. HP: 13/13 MP: 3/3
   242 | D:1      | Reached XP level 2. HP: 19/19 MP: 1/5
   603 | D:1      | Learned a level 2 spell: Scorch
   906 | D:1      | Found a faded altar of an unknown god.
   936 | D:1      | Prayed at the altar of an unknown god.
   936 | D:1      | Became a worshipper of Yredelemnul the Dark
   936 | D:1      | Reached * piety under Yredelemnul
  1059 | D:1      | Reached XP level 3. HP: 24/24 MP: 6/6
  1591 | D:1      | You fall into a shaft and drop 1 floor!
  1891 | D:2      | Reached XP level 4. HP: 30/30 MP: 0/7
  2311 | D:2      | Found a shimmering blue altar of Sif Muna.
  2792 | D:3      | Reached XP level 5. HP: 35/35 MP: 4/8
  3366 | D:3      | Noticed a kobold brigand
  3385 | D:3      | Killed a kobold brigand
  3386 | D:3      | Reached skill level 1 in Staves
  3386 | D:3      | Reached skill level 1 in Shields
  3386 | D:3      | Reached skill level 1 in Necromancy
  3443 | D:3      | Found a hazy altar of Hepliaklqana.
  3444 | D:3      | Found a faded altar of an unknown god.
  3545 | D:3      | Learned a level 3 spell: Conjure Flame
  3714 | D:3      | Reached skill level 1 in Evocations
  3714 | D:3      | Reached XP level 6. HP: 23/42 MP: 0/9
  3861 | D:4      | Reached skill level 1 in Invocations
  3966 | D:4      | Found Bololishuch's Book Shop.
  4139 | D:4      | Reached skill level 1 in Fighting
  4239 | D:4      | Reached XP level 7. HP: 24/48 MP: 0/10
  4404 | D:4      | Noticed Menkaure
  4416 | D:4      | Killed Menkaure
  4656 | D:4      | Identified the +0 robe of Alliny {rElec Int+3 Dex+2}
  4873 | D:5      | Entered Level 5 of the Dungeon
  4885 | D:5      | Reached skill level 1 in Armour
  5042 | D:5      | Noticed Grinder
  5053 | D:5      | Killed Grinder
  5054 | D:5      | Reached XP level 8. HP: 41/56 MP: 0/12
  5249 | D:5      | Reached ** piety under Yredelemnul
  5463 | D:5      | Reached skill level 5 in Conjurations
  5536 | D:5      | Found a snail-covered altar of Cheibriados.
  5895 | D:6      | Found a staircase to the Ecumenical Temple.
  6210 | D:6      | Reached skill level 5 in Fire Magic
  6216 | D:6      | Reached XP level 9. HP: 62/62 MP: 3/13
  6295 | D:6      | Learned a level 3 spell: Vampiric Draining
  6297 | D:6      | Learned a level 1 spell: Slow
  6302 | D:6      | Learned a level 4 spell: Flame Wave
  6430 | D:6      | Reached skill level 1 in Hexes
  6638 | D:6      | Noticed a manticore
  6645 | D:6      | Killed a manticore
  6645 | D:6      | Reached *** piety under Yredelemnul
  6880 | D:7      | Identified the +4 hand axe of Defence {vamp, rCorr Str+3
                  | Dex+3}
  6951 | D:7      | Noticed Pikel
  6976 | D:7      | Killed Pikel
  7166 | D:7      | Reached XP level 10. HP: 49/70 MP: 10/15
  7170 | D:7      | Your ally Pikel died
  7173 | D:7      | Engulfed by a steam dragon's steam

Illustrated notes

Levels and vault maps discovered:
D:1:      ncdulo_halloftheorcs, layout_basic, shapermc_ecumenical_altar_ellora,
          minmay_split_cup_large
D:2:      wander_river, layout_loops_ring, basic_altar
D:3:      layout_basic, beargit_hepliaklqana_dungeon_heroes
D:4:      layout_cave_pools, serial_shops, nicolae_shop_hallway_plus,
          uniq_menkaure
D:5:      layout_loops_ring, slow_altar_2, minivault_14, uniq_grinder
D:6:      layout_basic, minmay_temple_entry_statues_fountains,
          hangedman_abyss_or_decor_stabs, kb_rosetta
D:7:      cheibrodos_steamvent, layout_basic, uniq_maggie, uniq_pikel

Skill      XL: |  1  2  3  4  5  6  7  8  9 |
---------------+----------------------------+-----
Conjurations   | 2 3 4 5 6 |  6.4
Staves         | 1 2 |  2.8
Shields        | 1 2 3 |  3.5
Necromancy     | 1 2 3 |  3.3
Evocations     | 1 2 |  2.8
Invocations    | 1 2 3 |  3.5
Fighting       | 1 2 3 |  3.3
Armour         | 1 2 |  2.0
Fire Magic     | 4 5 6 |  6.0
Spellcasting   | 3 |  3.8
Hexes          | 2 |  2.7
Axes           | |  0.9
Dodging        | |  2.0
Stealth        | |  2.0

Action                   |  1- 3 |  4- 6 |  7- 9 | 10-12 || total
-------------------------+-------+-------+-------+-------++-------
Melee: Unarmed           |     1 |       |       |       ||     1
       Short sword       |    17 |       |       |       ||    17
       Flail             |     1 |    13 |    22 |       ||    36
       Staff             |       |    24 |     7 |       ||    31
       Hand axe          |       |       |    13 |       ||    13
Throw: Throwing net      |       |     1 |       |       ||     1
 Cast: Foxfire           |    46 |    68 |    23 |       ||   137
       Scorch            |       |     4 |    58 |     1 ||    63
       Conjure Flame     |       |     2 |     1 |       ||     3
       Vampiric Draining |       |       |       |     2 ||     2
Invok: Recall Undead Har |     2 |     5 |     1 |       ||     8
Evoke: Wand              |       |     1 |       |       ||     1
  Use: Potion            |     1 |       |       |       ||     1
       Scroll            |       |     3 |       |     1 ||     4
 Stab: Distracted        |       |     1 |       |       ||     1
       Sleeping          |       |       |     1 |       ||     1
Armor: Robe              |    11 |    12 |    14 |       ||    37
Dodge: Dodged            |    24 |    33 |    48 |     1 ||   106
Block: Buckler           |     5 |     4 |    20 |     1 ||    30

Table legend: (Time is in decaauts)
 A = Elapsed time spent in this place.
 B = Non-inter-level travel time spent in this place.
 C = Inter-level travel time spent in this place.
 D = Time resting spent in this place.
 E = Time spent auto-exploring this place.
 F = Levels seen in this place.
 G = Mean time per level.
                   A        B        C        D        E       F      G
               +--------+--------+--------+--------+--------+-----+--------+
         Total |   7206 |   7018 |    188 |   2190 |   2894 |   7 | 1029.4 |
       Dungeon |   7206 |   7018 |    188 |   2190 |   2894 |   7 | 1029.4 |
               +--------+--------+--------+--------+--------+-----+--------+

Top non-repeatable levels by time:
     D:1: 1736 daAuts
     D:3: 1172 daAuts
     D:6: 1090 daAuts
     D:4: 1040 daAuts
     D:2: 948 daAuts
     D:5: 916 daAuts
     D:7: 302 daAuts
